Map: Oxide LE

Players

Stats - Winner!

  • Race: Protoss Protoss
  • Spawn Location: 1:00

Astrea

  • Race: Protoss Protoss
  • League: Master
  • Spawn Location: 7:00

Event: DreamHack SC2 Masters 2020 Winter

VOD

Have the link to the VOD?

Description

Time

  • Played on: Nov. 14, 2020, 10:58 a.m.
  • Length: 7:25

All games in this series

Show
View Real Time Build Order
Export as new Build Order

Stats Protoss - Winner!

Build Orders:  

Get SALT Encoding   

  12  0:01  Probe  
  13  0:13  Probe  
  14  0:18  Pylon  
  14  0:25  Probe (Chrono Boost)  
  15  0:36  Gateway  
  15  0:37  Probe (Chrono Boost)  
  16  0:45  Probe (Chrono Boost)  
  16  0:46  Assimilator  
  17  0:51  Probe  
  17  0:54  Assimilator  
  18  1:03  Probe (Chrono Boost)  
  19  1:08  Gateway  
  19  1:14  Probe (Chrono Boost)  
  20  1:19  Probe (Chrono Boost)  
  20  1:24  Cybernetics Core  
  21  1:30  Probe  
  22  1:35  Pylon  
  22  1:42  Probe  
  23  1:54  Probe  
  24  2:02  Stalker, Robotics Facility  
  24  2:05  Warp Gate  
  26  2:11  Pylon  
  26  2:17  Stalker  
  28  2:24  Pylon  
  28  2:32  Stalker  
  30  2:47  Immortal (Chrono Boost)  
  34  2:55  Pylon  
  34  3:02  Pylon  
  34  3:15  Warp Prism (Chrono Boost)  
  36  3:25  Gateway  
  36  3:54  Stalker x2  
  40  4:05  Immortal (Chrono Boost)  
  44  4:21  Stalker x3  
  50  4:40  Observer  
  50  4:42  Pylon  
  51  4:47  Stalker  
  51  4:49  Adept  
  55  5:06  Stalker  
  57  5:11  Stalker x2  
  57  5:36  Stalker  
  57  5:37  Stalker x2  
Show
View Real Time Build Order
Export as new Build Order

Astrea Protoss 

Build Orders: Nexus First 

Get SALT Encoding   

  12  0:00  Probe  
  13  0:12  Probe  
  14  0:17  Pylon  
  14  0:24  Probe (Chrono Boost)  
  15  0:36  Probe (Chrono Boost)  
  16  0:45  Probe (Chrono Boost)  
  17  0:51  Probe  
  18  1:00  Nexus  
  18  1:10  Gateway  
  18  1:13  Probe  
  18  1:18  Assimilator  
  19  1:23  Assimilator  
  19  1:26  Probe  
  20  1:38  Probe  
  21  1:45  Gateway  
  22  1:57  Cybernetics Core, Zealot  
  23  2:04  Pylon  
  23  2:12  Probe x2  
  25  2:24  Probe x2  
  27  2:30  Stalker (Chrono Boost)  
  27  2:31  Stalker (Chrono Boost)  
  31  2:39  Probe x2  
  33  2:48  Warp Gate  
  33  2:51  Probe x2  
  35  2:54  Stalker  
  37  2:59  Stalker (Chrono Boost)  
  39  3:12  Probe x2  
  37  3:22  Stalker (Chrono Boost)  
  37  3:24  Probe x2  
  37  3:26  Shield Battery  
  41  3:32  Pylon  
  43  3:36  Probe  
  43  3:38  Stalker (Chrono Boost)  
  44  3:41  Pylon  
  44  3:46  Pylon  
  44  3:52  Stargate  
  44  3:59  Probe x2  
  46  4:09  Shield Battery  
  46  4:11  Probe x2  
  46  4:12  Gateway  
  46  4:13  Gateway  
  48  4:26  Shield Battery x2  
  48  4:37  Sentry x2  
  52  4:41  Gateway, Pylon  
  52  4:50  Shield Battery  
  52  4:51  Cybernetics Core, Void Ray (Chrono Boost)  
  54  5:07  Zealot x2  
  54  5:09  Zealot  
  42  5:28  Stalker  
  42  5:29  Stalker  
  40  5:37  Stalker  
  30  5:45  Probe x2  
Tags
 
Add a new tag
Caveats
  • Supply blocks, unpowered buildings, or Contaminate may cause inaccurate times.
  • Supply counts are checked every 10 seconds.